cohdb
Replays
Latest Replays
All Replays
Popular Replays
Top Player Replays
Match Explorer
How It Works
Community
CoH3 Stats
Reddit
Sign in to upload your games and track your stats! →
Sign in with Steam
Match 42309857
Unlisted
Match 42309857
Overview
Messages
Build Orders
End
Kettenkrad Recon Vehicle
Construct Infanterie Kompanie
Selects Italian Coastal Battlegroup
Selects Italian Coastal Battlegroup
Selects Italian Coastal Battlegroup
Selects Coastal Reserves
MG 42 Machine Gun Team
Coastal Reserve
Coastal Reserve
Infanterie Officer Quarters
Medical Bunker
GrW 34 Mortar Team
Construct Panzergrenadier Kompanie
Panzergrenadier Squad
MG 42 Bunker
Selects Artillery Officer
log
PZ
德意志第三军团
Karline🥰❤️🖤💔
XuZhongwei
我將點燃大海
RaySau
만두
0
0
Comments
sign in to comment!
No comments posted yet!